 Dungeon Crawl Stone Soup version 0.29.1-12-g30fa7ad0bf (webtiles) character file.

Game seed: 17778152271629446

227 wormed the Conjurer (level 5, -5/38 HPs)
             Began as a Draconian Conjurer on Dec 24, 2022.
             Killed from afar by Ijyb (14 damage)
             ... with a bolt of acid
             ... on level 4 of the Dungeon.
             The game lasted 00:09:50 (4356 turns).

wormed the Conjurer (Draconian Conjurer)            Turns: 4356, Time: 00:09:51

Health: -5/38      AC:  4    Str:  9    XL:     5   Next: 70%
Magic:  1/9        EV: 11    Int: 20    God:
Gold:   151        SH:  6    Dex: 10    Spells: 7/10 levels left

rFire   . . .      SeeInvis .   r - +1 whip (freeze)
rCold   . . .      Faith    .   p - +2 buckler {AC+3}
rNeg    + . .      Spirit   .   (body armour unavailable)
rPois   .          Reflect  .   (helmet restricted)
rElec   .          Harm     .   (no cloak)
rCorr   .          Rampage  .   (no gloves)
Will    .....                   (no boots)
Stlth   ++........              (no amulet)
HPRegen 0.12/turn               j - ring of positive energy
MPRegen 0.11/turn               (no ring)

@: corroded
A: AC +5, unfitting armour, cold-blooded
a: no special abilities


You were on level 4 of the Dungeon.
You visited 1 branch of the dungeon, and saw 4 of its levels.

You collected 151 gold pieces.

Inventory:

Hand Weapons
 r - a +1 whip of freezing (weapon)
Armour
 p - a +2 buckler of protection (worn)
Jewellery
 j - a ring of positive energy (left hand)
 k - a +6 ring of dexterity
Scrolls
 d - a scroll of identify
 f - 2 scrolls of noise {unknown}
 g - a scroll of torment {unknown}
 m - 3 scrolls of teleportation {unknown}
 q - a scroll of blinking {unknown}
Potions
 a - 3 potions of magic
 b - a potion of degeneration
 c - a potion of haste
 e - a potion of heal wounds
 h - a potion of invisibility
 i - a potion of attraction
 l - a potion of cancellation {unknown}
 n - a potion of resistance {unknown}
 o - a potion of brilliance {unknown}


   Skills:
 - Level 2.0 Dodging
 - Level 2.0 Stealth
 + Level 1.9 Shields
 - Level 3.0 Spellcasting
 - Level 5.0 Conjurations
 + Level 1.7 Hexes
 + Level 2.1 Translocations


You had 7 spell levels left.
You knew the following spells:

 Your Spells              Type           Power      Damage    Failure   Level
a - Magic Dart            Conj           92%        1d7       2%          1
b - Searing Ray           Conj           46%        2d6       3%          2

Your spell library contained the following spells:

 Spells                   Type           Power      Damage    Failure   Level
 Dazzling Flash           Conj/Hex       32%        N/A       14%         3
 Sandblast                Erth           6%         2d5       19%         1
 Stone Arrow              Conj/Erth      26%        3d8       21%         3
 Passwall                 Tmut/Erth      2%         N/A       28%         2
 Iskenderun's Mystic Bla  Conj/Tloc      17%        2d5       41%         4
 Fulminant Prism          Conj/Hex       8%         3d7       43%         4


Dungeon Overview and Level Annotations

Branches:
Dungeon (4/15)
 Temple: D:4-7

Altars:
The Shining One

Shops:
D:3 [

Annotations:
D:4 Ijyb


Innate Abilities, Weirdness & Mutations

Your plain brown scales are hard. (AC +5)
You cannot fit into any form of body armour.
You are cold-blooded and may be slowed by cold attacks.


Message History

The searing ray hits Ijyb but does no damage.
Ijyb is moderately wounded. (Press . to maintain the ray.) Ijyb barely misses you.
The searing ray hits Ijyb.
Ijyb is heavily wounded.
Ijyb barely misses you.
The searing ray hits Ijyb but does no damage.
Ijyb is heavily wounded.
Ijyb barely misses you.
Without enough magic to sustain it, your searing ray dissipates.
Ijyb screams, "Me stronger than you!" Ijyb hits you with a +0 club.
Casting: Searing Ray (safe; 3% risk of failure)
Confirm with . or Enter, or press ? or * to list all spells.
You don't have enough magic to cast this spell.
You barely miss Ijyb.
Ijyb is heavily wounded.
You block Ijyb's attack.
You completely miss Ijyb.
Ijyb is heavily wounded.
Ijyb hits you but does no damage.
You hit Ijyb but do no damage.
Ijyb is heavily wounded.
Ijyb hits you with a +0 club.
You hit Ijyb but do no damage.
Ijyb is heavily wounded.
Ijyb misses you. x2
You hit Ijyb but do no damage.
Ijyb is heavily wounded.
Ijyb grins evilly.
Ijyb barely misses you.
You closely miss Ijyb.
Your tail-slap misses Ijyb.
Ijyb is heavily wounded.
Ijyb zaps a wand.
The bolt of acid hits you!
* * * LOW HITPOINT WARNING * * *
You hit Ijyb but do no damage.
Your tail-slap misses Ijyb.
Ijyb is heavily wounded.
Ijyb zaps a wand.
The bolt of acid hits you!
You die...

#########...#
##.## #.# #.#
#.# #.# #.#
#.# #@# #g#
#.# #.# #.#
#.# #.# ..#


You could see Ijyb.

Vanquished Creatures
  A scorpion (D:3)
  Natasha (twice) (D:3)
  Robin (D:3)
  2 adders
  A worm (D:3)
  3 dart slugs
  3 orcs
  3 endoplasms
  3 giant cockroaches
  17 goblins
  7 hobgoblins
  3 jackals (D:2)
  7 kobolds
  2 quokkas (D:1)
  6 ball pythons
  7 bats
  A frilled lizard (D:3)
  9 rats
78 creatures vanquished.

Notes
Turn   | Place    | Note
-------+----------+-------------------------------------------
     0 | D:1      | wormed the Draconian Conjurer began the quest for the Orb.
     0 | D:1      | Reached XP level 1. HP: 14/14 MP: 3/3
   320 | D:1      | Found a faded altar of an unknown god.
   387 | D:1      | Reached XP level 2. HP: 20/20 MP: 1/5
   390 | D:1      | Learned a level 2 spell: Searing Ray
   991 | D:1      | You fall into a shaft and drop 1 floor!
  1197 | D:2      | Reached XP level 3. HP: 26/26 MP: 3/6
  2681 | D:3      | Found Pagagg's Antique Armour Emporium.
  2799 | D:3      | Found a glowing golden altar of the Shining One.
  2867 | D:3      | Noticed a scorpion
  2871 | D:3      | Killed a scorpion
  2872 | D:3      | Reached skill level 1 in Translocations
  2872 | D:3      | Reached XP level 4. HP: 25/33 MP: 1/8
  3036 | D:3      | Reached skill level 5 in Conjurations
  3036 | D:3      | Noticed Robin
  3037 | D:3      | Reached skill level 1 in Shields
  3126 | D:2      | Reached skill level 1 in Hexes
  3158 | D:3      | Killed Robin
  3159 | D:3      | Reached XP level 5. HP: 33/38 MP: 4/9
  3632 | D:3      | Noticed Natasha
  3635 | D:3      | Killed Natasha
  4039 | D:3      | Noticed Natasha
  4044 | D:3      | Killed Natasha
  4340 | D:4      | Noticed Ijyb
  4356 | D:4      | Killed from afar by Ijyb

Illustrated notes

Levels and vault maps discovered:
D:1:      dpeg_arrival_three_bigger_balls, layout_loops_corners,
          nicolae_ecumenical_lake_church
D:2:      layout_basic
D:3:      layout_basic, mainiacjoe_overflow_concentric_impassable, serial_shops,
          shop, uniq_natasha, uniq_robin
D:4:      layout_loops_ring, gammafunk_ghost_cemetery, uniq_ijyb,
          uniq_crazy_yiuf_cottage

Skill      XL: |  1  2  3  4  5 |
---------------+----------------+-----
Stealth        | 2 |  2.0
Dodging        | 2 |  2.0
Translocations | 1 2 |  2.1
Conjurations   | 5 |  5.0
Shields        | 1 |  1.9
Hexes          | 1 |  1.7
Spellcasting   | 3 |  3.0

Action                   |  1- 3 |  4- 6 || total
-------------------------+-------+-------++-------
Melee: Unarmed           |    24 |    19 ||    43
       Tailslap          |     5 |     5 ||    10
       Whip              |       |     7 ||     7
 Cast: Magic Dart        |    18 |       ||    18
       Searing Ray       |    26 |    28 ||    54
  Use: Scroll            |     3 |     2 ||     5
Armor: Skin              |    13 |    14 ||    27
Dodge: Dodged            |    37 |    24 ||    61
Block: Buckler           |       |    10 ||    10
